AoeStats
← ChristopheG1970.Fr

Arena

509912083Analyzed
4v4 RM · 4d ago on Sep 28, 2026· 43m 28s· 8 players
Game mode
Random Map
Map size
Large (8 player)
Population
200
Speed
Normal
Resources
Standard
Victory
Conquest
Starting age
Dark Age
Ending age
Imperial Age
RankedLock teamsTeams togetherTeam positionsShared explorationLock speedFull tech treeHidden civsTurbo modeCheats
Victory
Defeat
🇫🇷 Britons · France
766
+13
🇫🇷 Italians · France
762
+13
🇮🇳 Malay · India
674
+18
🇺🇸 Burgundians · United States
668
+17
🇵🇹 Lithuanians · Portugal
726
-16
🇧🇾 Inca · Belarus
702
-15
🇩🇪 Vietnamese · Germany
695
-15
🇸🇪 Ethiopians · Sweden
688
-15
bobozius
13:02 Feudal Age
13:27 Double-Bit Axe
13:25 Horse Collar
14:48 Wheelbarrow
20:55 Castle Age
19:37 Stone Mining
19:54 Gold Mining
21:02 Fletching
21:13 Padded Archer Armor
22:24 Bow Saw
22:50 Hand Cart
24:09 Stone Shaft Mining
25:20 Heavy Plow
26:02 Bodkin Arrow
27:07 Leather Archer Armor
26:27 Elite Skirmisher
28:22 Town Watch
28:44 Town Watch
29:51 Town Patrol
31:17 Forging
34:48 Imperial Age
34:40 Caravan
36:31 Chemistry
35:11 Treadmill Crane
36:04 Crop Rotation
36:36 Two-Man Saw
36:17 Bracer
37:11 Ring Archer Armor
36:30 Loom
36:26 Imperial Skirmisher
37:25 Masonry
37:29 Fortified Wall
38:36 Paper Money
39:42 Elite Rattan Archer
ANCORA
10:54 Feudal Age
12:17 Wheelbarrow
11:30 Double-Bit Axe
11:28 Horse Collar
19:45 Castle Age
20:26 Gold Mining
20:29 Stone Mining
20:42 Heavy Plow
23:29 Hand Cart
25:02 Scale Mail Armor
25:15 Forging
25:11 Scale Barding Armor
26:52 Stone Shaft Mining
29:36 Town Watch
31:04 Bow Saw
35:03 Imperial Age
35:29 Iron Casting
37:54 Crop Rotation
38:44 Two-Man Saw
38:14 Elite Leitis
39:33 Conscription
40:45 Husbandry
40:56 Bloodlines
Trinitrotoluene
8:05 Loom
14:14 Feudal Age
14:41 Double-Bit Axe
14:37 Horse Collar
16:37 Stone Mining
18:29 Fletching
21:00 Castle Age
19:40 Town Watch
20:21 Padded Archer Armor
20:28 Gold Mining
22:35 Bodkin Arrow
22:07 Crossbowman
24:31 Leather Archer Armor
23:55 Man-at-Arms
25:04 Forging
25:39 Long Swordsman
26:26 Scale Mail Armor
26:41 Thumb Ring
27:49 Elite Skirmisher
29:56 Ballistics
32:00 Wheelbarrow
34:57 Imperial Age
33:12 Masonry
34:59 Chain Mail Armor
36:02 Arbalester
39:03 Ring Archer Armor
39:19 Siege Engineers
netboks
10:34 Feudal Age
12:02 Champi Runner
21:24 Castle Age
20:34 Double-Bit Axe
21:30 Champi Warrior
27:46 Arson
36:25 Wheelbarrow
36:23 Fletching
ChristopheG1970.Fr
1:00 Loom
13:14 Feudal Age
14:35 Wheelbarrow
13:48 Double-Bit Axe
14:29 Town Watch
18:02 Castle Age
18:01 Fletching
18:13 Stone Mining
19:17 Bow Saw
19:06 Bodkin Arrow
20:59 Fervor
26:03 Padded Archer Armor
31:54 Imperial Age
30:29 Gold Mining
32:26 Thumb Ring
32:39 Leather Archer Armor
33:17 Conscription
35:29 Bracer
36:45 Chemistry
36:13 Horse Collar
38:33 Two-Man Saw
38:22 Ring Archer Armor
38:25 Elite Genoese Crossbowman
40:00 Masonry
39:48 Murder Holes
40:15 Ballistics
Ryusuke
3:49 Loom
13:34 Feudal Age
16:44 Wheelbarrow
15:52 Horse Collar
16:01 Double-Bit Axe
19:45 Castle Age
17:54 Padded Archer Armor
18:51 Gold Mining
18:54 Stone Mining
20:24 Crossbowman
20:58 Fletching
23:33 Heavy Plow
27:33 Bodkin Arrow
28:05 Elite Skirmisher
30:42 Ballistics
34:57 Imperial Age
34:02 Hand Cart
35:53 Leather Archer Armor
35:21 Onager
37:23 Conscription
37:06 Arbalester
38:31 Bow Saw
41:14 Yeomen
40:17 Elite Longbowman
42:56 Chemistry
42:28 Ring Archer Armor
41:59 Bracer
43:08 Gold Shaft Mining
43:36 Warwolf
44:12 Siege Engineers
cjcypher76
9:25 Double-Bit Axe
13:51 Feudal Age
12:36 Horse Collar
14:44 Heavy Plow
14:58 Bow Saw
18:00 Scale Mail Armor
20:18 Castle Age
19:41 Forging
22:07 Iron Casting
21:47 Chain Mail Armor
35:57 Burgundian Vineyards
42:03 Imperial Age
43:12 Wheelbarrow
42:24 Loom
43:13 Crop Rotation
saikrishan399
11:32 Feudal Age
14:13 Double-Bit Axe
14:14 Horse Collar
18:12 Castle Age
19:43 Bow Saw
22:20 Loom
25:05 Wheelbarrow
26:21 Hand Cart
28:17 Stone Mining
28:18 Gold Mining
31:49 Stone Shaft Mining
31:50 Gold Shaft Mining
31:57 Forging
34:36 Imperial Age
31:57 Town Watch
35:08 Iron Casting
33:59 Elite Karambit Warrior
34:51 Forced Levy
35:53 Town Patrol
36:16 Heavy Plow
38:35 Chemistry
37:56 Ballistics
37:17 Treadmill Crane
37:47 Masonry
37:33 Murder Holes
37:43 Siege Engineers
38:44 Blast Furnace
Connection lost

Rejoining the realm…

Still unreachable

The connection could not be restored.

Session expired

The server has moved on; the page needs a fresh start.